 Dungeon Crawl Stone Soup version 0.29-a0-393-g47a863cc1b (webtiles) character file.

Game seed: 6076475568729766628

757 EnegeticOcto the Magician (level 7, -11/50 HPs)
             Began as a Mummy Venom Mage on May 9, 2022.
             Mangled by a black bear (12 damage)
             ... on level 5 of the Dungeon.
             The game lasted 00:21:27 (9528 turns).

EnegeticOcto the Magician (Mummy Venom Mage)        Turns: 9528, Time: 00:21:27

Health: -11/50     AC:  2    Str: 12    XL:     7   Next: 50%
Magic:  0/14       EV: 12    Int: 16    God:
Gold:   82         SH:  0    Dex: 12    Spells: 8/16 levels left

rFire   x . .      SeeInvis .   f - +1 flail (vorpal)
rCold   + . .      Faith    .   (no shield)
rNeg    + + +      Spirit   .   a - +0 robe
rPois   ∞          Reflect  .   (no helmet)
rElec   .          Harm     .   (no cloak)
rCorr   .          Rampage  .   (no gloves)
Will    .....                   (no boots)
Stlth   ++........              (no amulet)
HPRegen 0.16/turn               (no ring)
MPRegen 0.14/turn               (no ring)

@: very slightly contaminated
A: cold resistance 1, negative energy resistance 3, torment resistance 2, heat
vulnerability 1, in touch with death 1, no potions
a: no special abilities


You were on level 5 of the Dungeon.
You visited 1 branch of the dungeon, and saw 5 of its levels.
You also visited: Sewer.

You collected 82 gold pieces.

Inventory:

Hand Weapons
 d - a +0 mace
   (You found it on level 1 of the Dungeon)
 f - a +1 vorpal flail (weapon)
   (You took it off Edmund on level 5 of the Dungeon)
 h - a +0 short sword
   (You found it on level 1 of the Dungeon)
 i - a +3 mace of chaos
   (You found it on level 2 of the Dungeon)
Missiles
 e - 187 stones
 j - 8 poisoned darts
 k - 2 boomerangs (quivered)
Armour
 a - a +0 robe (worn)
Jewellery
 b - a ring of ice
   (You found it on level 1 of the Dungeon)
Scrolls
 c - 2 scrolls of teleportation {@r3 !r}
 g - a scroll of amnesia
 l - a scroll of enchant armour {unknown}
 m - a scroll of enchant weapon {unknown}
 n - 2 scrolls of summoning {unknown}
 o - a scroll of immolation {unknown}


   Skills:
 - Level 2.0 Fighting
 + Level 1.7 Dodging
 - Level 4.0 Stealth
 - Level 5.0 Spellcasting
 - Level 2.0 Conjurations
 - Level 2.0 Translocations
 - Level 0.7 Transmutations
 - Level 3.0 Air Magic
 - Level 3.0 Poison Magic


You had 8 spell levels left.
You knew the following spells:

 Your Spells              Type           Power      Damage    Failure   Level
a - Sting                 Tmut/Pois      36%        1d4       7%          1
b - Poisonous Vapours     Pois/Air       26%        N/A       7%          2
c - Mephitic Cloud        Conj/Pois/Air  12%        N/A       16%         3
Y - Blink                 Tloc           20%        N/A       10%         2

Your spell library contained the following spells:

 Spells                   Type           Power      Damage    Failure   Level
 Lesser Beckoning         Tloc           10%        N/A       21%         3
 Olgreb's Toxic Radiance  Pois           13%        N/A       41%         4
 Manifold Assault         Tloc           10%        N/A       88%         5


Dungeon Overview and Level Annotations

Branches:
Dungeon (6/15)              Sewer (visited)
 Temple: D:4-7

Altars:

Annotations:
D:3 Sigmund
D:6 Blork the orc


Innate Abilities, Weirdness & Mutations

You are immune to poison.
Your flesh is cold resistant. (rC+)
You are immune to negative energy. (rN+++)
You are immune to unholy pain and torment.
You are vulnerable to heat. (rF-)
You are in touch with the powers of death.
You do not drink.


Message History

Your Stealth skill increases to level 4!
You need to enable at least one skill for training.
You start resting.
Magic restored.
You see here a black bear corpse.
You see here a scroll of teleportation {@r3 !r}.
Casting: Poisonous Vapours (safe; 7% risk of failure)
Confirm with . or Enter, or press ? or * to list all spells.
Aiming: Poisonous Vapours (safe; 7% risk of failure)
Press: ? - help, Dir - move target, f - black bear
Aim: a black bear Poisonous vapours surround the black bear!
The black bear is poisoned.
Casting: Poisonous Vapours (safe; 7% risk of failure)
Confirm with . or Enter, or press ? or * to list all spells.
Aiming: Poisonous Vapours (safe; 7% risk of failure)
Press: ? - help, Dir - move target, f/p - black bear
Aim: a black bear (poisoned) Poisonous vapours surround the black bear!
The black bear looks even sicker.
Casting: Poisonous Vapours (safe; 7% risk of failure)
Confirm with . or Enter, or press ? or * to list all spells.
Aiming: Poisonous Vapours (safe; 7% risk of failure)
Press: ? - help, Dir - move target, f/p - black bear
Aim: a black bear (very poisoned) Poisonous vapours surround the black bear!
The black bear looks even sicker.
Casting: Poisonous Vapours (safe; 7% risk of failure)
Confirm with . or Enter, or press ? or * to list all spells.
Aiming: Mephitic Cloud (dangerous; 16% risk of failure)
Press: ? - help, Shift-Dir - straight line, f/p - black bear
Aim: a black bear (lightly wounded, very poisoned, chance to affect: 72%)
You miscast Mephitic Cloud.
You are very lightly contaminated with residual magic.
Nothing appears to happen.
Casting: Mephitic Cloud (dangerous; 16% risk of failure)
Confirm with . or Enter, or press ? or * to list all spells.
Aiming: Mephitic Cloud (dangerous; 16% risk of failure)
Press: ? - help, Shift-Dir - straight line, f/p - black bear
Aim: a black bear (lightly wounded, very poisoned, chance to affect: 72%)
The ball explodes into a vile cloud!
The stinking cloud engulfs the black bear but does no damage.
The black bear is lightly wounded.
The stinking cloud engulfs you but does no damage.
The black bear is engulfed in noxious fumes.
The black bear appears confused.
You sock the black bear!
The black bear is heavily wounded.
You barely miss the black bear.
The black bear is heavily wounded.
The black bear is engulfed in noxious fumes.
Casting: Mephitic Cloud (dangerous; 16% risk of failure)
Confirm with . or Enter, or press ? or * to list all spells.
Aiming: Poisonous Vapours (safe; 7% risk of failure)
Press: ? - help, Dir - move target, f/p - black bear
Aim: a black bear (heavily wounded, confused, very poisoned) Poisonous vapours surround the black bear!
The black bear looks even sicker.
Casting: Poisonous Vapours (safe; 7% risk of failure)
Confirm with . or Enter, or press ? or * to list all spells.
Aiming: Sting (safe; 7% risk of failure)
Press: ? - help, Shift-Dir - straight line, f/p - black bear
Aim: a black bear (heavily wounded, confused, very poisoned, 93% to hit)
You miscast Sting.
Nothing appears to happen.
The black bear seems less confused.
The black bear attacks as you move away!
The black bear bites you! The black bear claws you. x2
The black bear goes berserk!
The black bear rages.
You hit the black bear.
The black bear is almost dead.
The black bear misses you. The black bear claws you. x2
The black bear bites you! The black bear closely misses you.
The black bear claws you.
Casting: Sting (safe; 7% risk of failure)
Confirm with . or Enter, or press ? or * to list all spells.
Aiming: Sting (safe; 7% risk of failure)
Press: ? - help, Shift-Dir - straight line, f/p - black bear
Aim: a black bear (almost dead, berserk, very poisoned, 77% to hit)
The sting hits the black bear but does no damage.
The black bear looks even sicker.
The black bear is almost dead.
The black bear completely misses you. The black bear claws you.
The black bear claws you but does no damage.
The black bear bites you!
* * * LOW HITPOINT WARNING * * *
The black bear barely misses you.
The black bear claws you but does no damage.
You aren't carrying any items that you can evoke.
Unknown command.
Okay, then.
You barely miss the black bear.
The black bear is almost dead.
The black bear bites you.
* * * LOW HITPOINT WARNING * * *
The black bear claws you.
* * * LOW HITPOINT WARNING * * *
The black bear barely misses you. The black bear bites you!
You die...

....................##.........#
....................##.........#
....................##.........#
....................##.........#
.............###....##.........#
............##.........?....#
...........##..#....$.....#######
..........##......#..........†...
.........##....#@#.#......#######
.?.......#.......h#.......#
.........#.#.#.#..........#
................#.....#...#
.(...........#...#....#...#
########....#.#...#...#...#
#.......#.....#..#...#
#.[............#.#
#................#


You could see a black bear (berserk, very poisoned).

Vanquished Creatures
  Edmund (D:5)
  A black bear (D:5)
  A kobold brigand (Sewer)
  A bullfrog (D:6)
  A scorpion (D:6)
  An orc priest (D:3)
  A hound (D:5)
  4 iguanas
  10 adders
  2 river rats (Sewer)
  3 worms (D:2)
  A dart slug (D:1)
  3 orcs
  3 bats
  9 endoplasms
  4 giant cockroaches
  8 goblins
  9 hobgoblins
  3 jackals (Sewer)
  9 kobolds
  6 quokkas
  12 ball pythons
  4 frilled lizards
  7 rats
104 creatures vanquished.

Vanquished Creatures (others)
  16 plants (Sewer)
16 creatures vanquished.

Grand Total: 120 creatures vanquished

Notes
Turn   | Place    | Note
-------+----------+-------------------------------------------
     0 | D:1      | EnegeticOcto the Mummy Venom Mage began the quest for the
                  | Orb.
     0 | D:1      | Reached XP level 1. HP: 13/13 MP: 4/4
   216 | D:1      | Reached skill level 2 in Stealth
   309 | D:1      | Reached skill level 3 in Spellcasting
   412 | D:1      | Reached XP level 2. HP: 19/19 MP: 4/6
   415 | D:1      | Learned a level 2 spell: Poisonous Vapours
   695 | D:1      | Reached skill level 1 in Air Magic
   831 | D:1      | Found a faded altar of an unknown god.
  1228 | D:1      | Gained mutation: You are in touch with the powers of death.
                  | [Mummy growth]
  1228 | D:1      | Reached XP level 3. HP: 24/24 MP: 5/7
  1389 | D:1      | Learned a level 3 spell: Mephitic Cloud
  2098 | D:2      | Reached skill level 2 in Air Magic
  2869 | D:2      | Learned a level 2 spell: Blink
  2941 | D:2      | Reached XP level 4. HP: 28/30 MP: 1/9
  3562 | D:3      | Noticed Sigmund
  4386 | D:3      | Reached skill level 1 in Translocations
  4386 | D:3      | Reached XP level 5. HP: 35/35 MP: 0/10
  6107 | D:3      | You fall into a shaft and drop 3 floors!
  6129 | D:6      | Reached skill level 3 in Stealth
  6129 | D:6      | Reached skill level 4 in Spellcasting
  6346 | D:6      | Reached skill level 1 in Conjurations
  6346 | D:6      | Reached skill level 2 in Translocations
  6627 | D:6      | Reached skill level 2 in Conjurations
  6627 | D:6      | Reached XP level 6. HP: 42/42 MP: 5/12
  6689 | D:6      | Noticed a wraith
  7221 | D:5      | Entered Level 5 of the Dungeon
  7221 | D:5      | Noticed Edmund
  7239 | D:6      | Noticed Blork the orc
  7306 | D:5      | Reached skill level 1 in Fighting
  7578 | D:5      | Killed Edmund
  7579 | D:5      | Reached skill level 3 in Air Magic
  7579 | D:5      | Reached skill level 3 in Poison Magic
  7893 | D:5      | Found a glowing drain.
  7897 | D:5      | Reached skill level 2 in Fighting
  7897 | D:5      | Reached XP level 7. HP: 31/50 MP: 13/13
  7904 | Sewer    | Entered a sewer
  8396 | Sewer    | Reached skill level 5 in Spellcasting
  9455 | D:5      | Reached skill level 4 in Stealth
  9528 | D:5      | HP: 1/50 [black bear (4)]
  9528 | D:5      | Mangled by a black bear

Illustrated notes

Levels and vault maps discovered:
D:1:      co_arrival_random_square_maze, layout_basic,
          dilly_ecumenical_altar_fadedgnrine
D:2:      layout_loops_ring, grunt_ministairs_4, minmay_goblin_outpost
D:3:      layout_basic, uniq_crazy_yiuf_cottage, uniq_sigmund
D:5:      layout_basic, gammafunk_temple_overflow_elements,
          gup_sewer_entry_pipe, hangedman_decor_opposing,
          chequers_serial_rivers_micro_e, bh_walls_and_bars, uniq_edmund
D:6:      layout_loops_corners, gammafunk_temple_overflow_wave,
          chequers_serial_rivers_room_a, uniq_blork_the_orc

Skill      XL: |  1  2  3  4  5  6  7 |
---------------+----------------------+-----
Stealth        | 2 3 4 |  4.0
Spellcasting   | 3 4 5 |  5.0
Air Magic      | 1 2 3 |  3.0
Translocations | 1 2 |  2.0
Conjurations   | 2 |  2.0
Fighting       | 2 |  2.0
Poison Magic   | 3 |  3.0
Dodging        | |  1.7
Transmutations | |  0.7

Action                   |  1- 3 |  4- 6 |  7- 9 || total
-------------------------+-------+-------+-------++-------
Melee: Mace              |    45 |    40 |       ||    85
       Flail             |       |    10 |    72 ||    82
Throw: Stone             |    21 |       |       ||    21
       Boomerang         |       |     3 |       ||     3
 Cast: Sting             |    54 |    17 |     1 ||    72
       Poisonous Vapours |    23 |    66 |    47 ||   136
       Blink             |       |     2 |       ||     2
       Mephitic Cloud    |       |       |     1 ||     1
  Use: Scroll            |       |     5 |       ||     5
 Stab: Sleeping          |       |     1 |     1 ||     2
Armor: Robe              |    12 |    10 |    15 ||    37
Dodge: Dodged            |    30 |    43 |    59 ||   132

Table legend: (Time is in decaauts)
 A = Elapsed time spent in this place.
 B = Non-inter-level travel time spent in this place.
 C = Inter-level travel time spent in this place.
 D = Time resting spent in this place.
 E = Time spent auto-exploring this place.
 F = Levels seen in this place.
 G = Mean time per level.
                   A        B        C        D        E       F      G
               +--------+--------+--------+--------+--------+-----+--------+
         Total |   9785 |   9553 |    232 |   4042 |   2951 |   6 | 1630.8 |
       Dungeon |   8294 |   8062 |    232 |   3913 |   2001 |   5 | 1658.8 |
         Sewer |   1491 |   1491 |      0 |    129 |    950 |   1 | 1491.0 |
               +--------+--------+--------+--------+--------+-----+--------+

Top non-repeatable levels by time:
     D:2: 2690 daAuts
     D:3: 2045 daAuts
   Sewer: 1491 daAuts
     D:1: 1410 daAuts
     D:6: 1283 daAuts
     D:5: 865 daAuts
